 Dungeon Crawl Stone Soup version 0.31-a0-151-ge443d1f16c (webtiles) character file.

Game seed: 11851200796412310235

98 qw the Shooter (level 4, 0/38 HPs)
             Began as a Minotaur Hunter on June 8, 2023.
             Slain by an orc wizard
             ... wielding a +0 dagger
              (2 damage)
             ... on level 3 of the Dungeon.
             The game lasted 00:00:45 (2631 turns).

qw the Shooter (Minotaur Hunter)                    Turns: 2631, Time: 00:00:45

Health: 0/38       AC:  5    Str: 15    XL:     4   Next: 44%
Magic:  3/3        EV: 11    Int:  6    God:
Gold:   123        SH:  0    Dex: 16    Spells: 3/3 levels left

rFire   . . .        Y - +0 shortbow
rCold   . . .        (shield currently unavailable)
rNeg    . . .        f - +0 ring mail
rPois   .            (helmet restricted)
rElec   .            (no cloak)
rCorr   .            (no gloves)
SInv    .            (no boots)
Will    +....        (no amulet)
Stlth   +            b - ring of willpower
HPRegen 0.26/turn    (no ring)
MPRegen 0.08/turn

%: no passive effects
@: no status effects
A: horns 2, retaliatory headbutt
a: no special abilities


You were on level 3 of the Dungeon.
You visited 1 branch of the dungeon, and saw 3 of its levels.

You collected 123 gold pieces.


Innate Abilities, Weirdness & Mutations

You have a pair of horns on your head.
You reflexively headbutt those who attack you in melee.


   Skills:
 + Level 3.4 Fighting
 - Level 6.0 Ranged Weapons
 - Level 1.0 Armour
 - Level 2.1 Dodging
 - Level 0.7 Stealth


You had 3 spell levels left.
You didn't know any spells.
Your spell library was empty.

Inventory:

Hand Weapons
 Y - a +0 shortbow (weapon)
Armour
 f - a +0 ring mail (worn)
Jewellery
 b - a ring of willpower (left hand)
Scrolls
 e - a scroll of magic mapping {unknown}
 j - a scroll of identify
Potions
 a - a potion of lignification {unknown}
 c - a potion of heal wounds {unknown}
 d - a potion of ambrosia {unknown}
 g - a potion of attraction {unknown}
 h - a potion of magic {unknown}
 i - a potion of curing
 k - a potion of degeneration {unknown}

Dungeon Overview and Level Annotations

Branches:
Dungeon (3/15)

Altars:
Zin


Message History

You shoot an arrow.
The arrow hits the orc priest but does no damage.
The orc priest is lightly wounded.
Something hits you. The orc priest misses you.
You shoot an arrow.
The arrow hits the orc priest but does no damage.
The orc priest is lightly wounded.
Something hits you.
An endoplasm comes into view.
The orc priest barely misses you.
You shoot an arrow.
The arrow completely misses the orc priest.
Something hits you but does no damage. The orc priest hits you with a +0 club.
Something hits you but does no damage. The orc priest barely misses you.
You shoot an arrow. The arrow hits the orc priest.
The orc priest is heavily wounded.
Something hits you but does no damage. The orc priest hits you with a +0 club.
You shoot an arrow. The arrow hits the orc priest.
The orc priest is heavily wounded.
Something hits you but does no damage. The orc priest closely misses you.
You shoot an arrow. The arrow hits the orc priest.
The orc priest is severely wounded.
Something hits you. The orc priest barely misses you. You furiously retaliate!
You headbutt the orc priest, but do no damage.
You shoot an arrow.
The arrow hits the orc priest but does no damage.
The orc priest is severely wounded.
Something hits you but does no damage.
The orc priest invokes the aid of Beogh against you.
Pain shoots through your body!
You shoot an arrow.
The arrow closely misses the orc priest.
Something hits you.
The orc priest calls down the wrath of Beogh upon you.
Beogh smites you! Something hits you. The orc priest misses you.
You shoot an arrow.
The arrow hits the orc priest but does no damage.
The orc priest is severely wounded.
Something hits you.
You die...

##.#########..
##. #.#
#...###. #.#
#....... #.#
#....... #.#
#...#### #.#
... . #.# #. ##
#.# # . #@# .
.......{ogJ....
#
##.####.##.....
#.# .... #.#
... #.# .. #.#
# #8#


You could see an orc priest, an endoplasm and a goblin.

Vanquished Creatures
  Robin (D:2)
  2 adders (D:2)
  3 worms
  2 dart slugs
  An orc (D:3)
  2 ball pythons (D:1)
  4 endoplasms
  A giant cockroach (D:2)
  11 goblins
  6 hobgoblins
  2 quokkas
  11 bats
  2 kobolds (D:2)
  2 rats
50 creatures vanquished.

Notes
Turn   | Place    | Note
-------+----------+-------------------------------------------
     0 | D:1      | qw the Minotaur Hunter began the quest for the Orb.
     0 | D:1      | Reached XP level 1. HP: 18/18 MP: 0/0
     0 | D:1      | 0 ||| qw: Version: 0.2-a-120-gdf1a93b
     0 | D:1      | 0 ||| qw: Game counter: 3105
     0 | D:1      | 0 ||| qw: Always use a shield: true
     0 | D:1      | 0 ||| qw: God list: Okawaru
     0 | D:1      | 0 ||| qw: Allow faded altars: false
     0 | D:1      | 0 ||| qw: Do Orc after D:15 true
     0 | D:1      | 0 ||| qw: Do second Lair branch before Depths: true
     0 | D:1      | 0 ||| qw: Lair rune preference: random
     0 | D:1      | 0 ||| qw: Plans: Normal
     0 | D:1      | 0 ||| PLANNING D:1-11
    27 | D:1      | 27 ||| DROPPING scroll of butterflies.
   179 | D:1      | Reached XP level 2. HP: 25/25 MP: 1/1
   219 | D:1      | Reached skill level 5 in Ranged Weapons
   590 | D:1      | Reached skill level 3 in Fighting
   964 | D:1      | 964 ||| UPGRADING to +0 ring mail.
   974 | D:1      | 974 ||| DROPPING +0 leather armour.
   975 | D:1      | 975 ||| UPGRADING to ring of willpower.
   976 | D:1      | 976 ||| READING scroll labelled APUG HIEBAI.
   977 | D:1      | 977 ||| READING scroll labelled ZEDICS WUUZE.
  1304 | D:2      | Reached skill level 1 in Armour
  1345 | D:2      | HP: 6/26 [rat (1)]
  1346 | D:2      | Reached XP level 3. HP: 7/31 MP: 2/2
  1461 | D:2      | Noticed Robin
  1469 | D:2      | Killed Robin
  1792 | D:2      | Found a glowing silver altar of Zin.
  2034 | D:2      | Reached XP level 4. HP: 38/38 MP: 3/3
  2056 | D:2      | Reached skill level 6 in Ranged Weapons
  2136 | D:2      | 2136 ||| READING scroll labelled VASHEEFULY.
  2137 | D:2      | 2137 ||| DRINKING 2 inky potions.
  2139 | D:2      | 2139 ||| Stepping ~*~*~tactically~*~*~ (cloud).
  2630 | D:3      | HP: 4/38 [orc priest/divine providence (11)]
  2630 | D:3      | HP: 1/38 [something (3)]
  2631 | D:3      | Slain by an orc wizard

Levels and vault maps discovered:
D:1:      ldierk_walled_garden_2, layout_loops_corners, serial_co_window_serial,
          co_window_corner_a, co_window_paths_b, co_window_paths_a,
          co_window_cross_1, co_window_paths_b, co_window_2corner,
          co_window_broadway_c, co_window_corner_ca, co_window_2corner,
          co_window_of_opportunity_c, co_window_corner_b, co_window_4corner_b,
          co_window_sun, glass_columns_a, glass_columns_c, glass_columns_c,
          glass_columns_a
D:2:      layout_loops_ring, basic_altar, chequers_serial_rivers_large_b,
          moated_statue, uniq_robin
D:3:      layout_basic, serial_shops, shop_statue, hex_intersection,
          amethyst_killhole

Skill      XL: |  1  2  3  4 |
---------------+-------------+-----
Ranged Weapons | 5 6 |  6.0
Fighting       | 3 |  3.4
Armour         | 1 |  1.0
Dodging        | |  2.1
Stealth        | |  0.7

Action                     |  1- 3 |  4- 6 || total
---------------------------+-------+-------++-------
   Fire: Shortbow          |    99 |    54 ||   153
    Use: Scroll            |     2 |     1 ||     3
         Potion            |       |     1 ||     1
 Armour: Leather armour    |     3 |       ||     3
         Ring mail         |    10 |     7 ||    17
  Dodge: Dodged            |    24 |    14 ||    38

Table legend:
 A = Non-vault XP
 B = Vault XP
 C = Vault XP percentage of total XP
 D = Non-vault monster count
 E = Vault monster count
 F = Vault count percentage of total count
                 A         B        C        D         E       F
            +---------+---------+-------+---------+---------+-------
      Total |     114 |      27 |  19.1 |      43 |       7 |  14.0
            +---------+---------+-------+---------+---------+-------
        D:1 |      34 |       0 |   0.0 |      19 |       0 |   0.0
        D:2 |      58 |      27 |  31.8 |      15 |       7 |  31.8
        D:3 |      22 |       0 |   0.0 |       9 |       0 |   0.0
            +---------+---------+-------+---------+---------+-------
